 Dungeon Crawl Stone Soup version 0.26.1-2-gb8aa6d0cf2 (webtiles) character file.

Game seed: 10909407771373847226

14980 hawla the Destroyer (level 11, -4/63 HPs)
             Began as a Deep Elf Conjurer on Feb 25, 2021.
             Was a High Priest of Vehumet.
             Slain by a wolf (7 damage)
             ... summoned by an orange crystal statue
             ... in a Gauntlet.
             The game lasted 00:47:55 (13907 turns).

hawla the Destroyer (Deep Elf Conjurer)            Turns: 13907, Time: 00:47:57

Health: -4/63      AC:  7    Str:  4      XL:     11   Next: 95%
Magic:  0/29       EV: 16    Int: 22 (27) God:    Vehumet [*****.]
Gold:   1048       SH:  0    Dex: 13      Spells: 19/34 levels left

rFire    . . .     SeeInvis .   s - +2 quarterstaff (pain)
rCold    + . .     Faith    .   (shield currently unavailable)
rNeg     . . .     Spirit   .   l - +2 robe {Archmagi}
rPois    .         Reflect  .   (helmet restricted)
rElec    .         Harm     .   b - +0 cloak
rCorr    .         Rampage  .   h - +1 pair of gloves
Will     +....     NoTele   +   (no boots)
Stlth    +++.......             u - amulet of regeneration
HPRegen  0.60/turn              r - ring of stealth
MPRegen  0.21/turn              (no ring)

@: mighty, flying
A: beak, blink, cold resistance 1, screaming 1
a: Blink, Renounce Religion


You were in a Gauntlet.
You worshipped Vehumet.
Vehumet was extremely pleased with you.
You visited 2 branches of the dungeon, and saw 13 of its levels.
You also visited: Gauntlet.

You collected 1048 gold pieces.

Inventory:

Hand Weapons
 s - a +2 quarterstaff of pain (weapon)
 x - the +4 great mace of the Forgotten Lovers {holy, Will++ Str+6 Int-4}
   (You found it on level 8 of the Dungeon)

   It has been blessed by the Shining One to cause great damage to the undead
   and demons.
   It affects your strength (+6).
   It affects your intelligence (-4).
   It affects your willpower, your defense against some magical effects.
Missiles
 a - 12 boomerangs
 g - 53 poisoned darts
 y - a boomerang of dispersal
Armour
 b - a +0 cloak (worn)
 h - a +1 pair of gloves (worn)
 l - a +2 robe of the Archmagi (worn)
Magical Staves
 d - an uncursed staff of earth
Jewellery
 o - an uncursed amulet of the acrobat
 r - a ring of stealth (left hand)
 u - an amulet of regeneration (around neck)
Wands
 i - a wand of random effects (33)
 m - a wand of acid (4)
 v - a wand of flame (40)
 A - a wand of paralysis (12)
Scrolls
 j - 2 scrolls of amnesia
 k - 2 scrolls of identify
 p - 2 scrolls of remove curse
 q - 4 scrolls of teleportation
 z - a scroll of magic mapping
 D - a scroll of silence
Potions
 c - 2 potions of curing
 e - a potion of might
 n - 3 potions of cancellation
 t - 2 potions of brilliance
 w - a potion of flight
 B - a potion of mutation


   Skills:
 - Level 5.0 Fighting
 - Level 1.0 Throwing
 - Level 7.0 Dodging
 - Level 3.0 Stealth
 - Level 12.0 Spellcasting
 + Level 13.9 Conjurations
 - Level 1.0 Necromancy
 - Level 8.0 Translocations
 - Level 1.0 Earth Magic
 - Level 4.0 Evocations


You had 19 spell levels left.
You knew the following spells:

 Your Spells              Type           Power        Failure   Level
a - Magic Dart            Conj           100%         0%          1
b - Searing Ray           Conj           100%         1%          2
c - Iskenderun's Mystic   Conj/Tloc      75%          1%          4
d - Stone Arrow           Conj/Erth      100%         1%          3
e - Iskenderun's Battles  Conj           84%          1%          5

Your spell library contained the following spells:

 Spells                   Type           Power        Failure   Level
 Conjure Ball Lightning   Conj/Air       30%          12%         6
 Foxfire                  Conj/Fire      100%         1%          1
 Freeze                   Ice            76%          1%          1
 Conjure Flame            Conj/Fire      60%          1%          3
 Dazzling Flash           Conj/Hex       100%         1%          3
 Fulminant Prism          Conj/Hex       30%          1%          4
 Hailstorm                Conj/Ice       60%          1%          4
 Sticky Flame             Conj/Fire      60%          1%          4
 Fireball                 Conj/Fire      30%          2%          5
 Beastly Appendage        Tmut           38%          4%          1
 Inner Flame              Hex/Fire       19%          4%          3
 Ensorcelled Hibernation  Hex/Ice        38%          8%          2
 Wereblood                Tmut           19%          8%          2
 Ozocubu's Armour         Ice            19%          14%         3
 Spider Form              Tmut/Pois      9%           14%         3
 Ice Form                 Ice/Tmut       19%          43%         4
 Summon Ice Beast         Ice/Summ       19%          43%         4
 Blade Hands              Tmut           9%           80%         5


Dungeon Overview and Level Annotations

Branches:
Dungeon (12/15)            Temple (1/1) D:5            Lair (0/6) D:11
    Orc (0/2) D:11        Gauntlet (1/1)

Altars:
Ashenzari
Cheibriados
Dithmenos
Elyvilon
Fedhas
Gozag
Hepliaklqana
Kikubaaqudgha
Makhleb
Nemelex Xobeh
Okawaru
Qazlal
Ru
Sif Muna
Trog
Uskayaw
Vehumet
Wu Jian
Xom
Yredelemnul
Zin
The Shining One

Portals:
Trove: D:10 (give +2 ice dragon scales)
Bailey: D:12

Annotations:
D:10 treasure trove -- ice dragon scales +2 Gauntlet 11 transporters, 21 runed translucent doors, exclusion: orange crystal statue


Innate Abilities, Weirdness & Mutations

You have a beak for a mouth.
You can translocate small distances at will.
Your flesh is cold resistant. (rC+)
You occasionally shout uncontrollably at your foes.


Message History

* * * LOW HITPOINT WARNING * * *
Casting: Magic Dart (safe; 0% risk of failure)
Confirm with . or Enter, or press ? or * to list all spells.
You don't have enough magic to cast that spell.
Casting: Magic Dart (safe; 0% risk of failure)
Confirm with . or Enter, or press ? or * to list all spells.
Aiming: Magic Dart (safe; 0% risk of failure)
Press: ? - help, Shift-Dir - straight line, f/p - orange crystal statue
Aim: an orange crystal statue (severely damaged, 0% to evade)
You feel a surge of power!
The magic dart hits the flying skull but does no damage.
The wolf barely misses you. The wolf bites you.
* * * LOW HITPOINT WARNING * * *
The flying skull hits you.
* * * LOW HITPOINT WARNING * * *
The wolf bites you but does no damage.
The orange crystal statue fixes its piercing gaze on you.
You feel dopey. Something feeds on your intellect! The wolf bites you!
You die...

..#...#..z#.#...#...#...
..#...#..#...#..#...#.#.
#.#...#.##...##.#...#.##
#Z#.###X^##.#..####.#..#
.Z#.#©#z8#^©^...#©#.#...
.##.#.#Z#.##.#.#zh##.#..##.#.#..#
.#.#######.#.#.#z##...##.#.#.#.##
.#........Z#.#.#zh#..^#..#.#.#.#.
.#........k#.#.#@hz#.#...#.#.#...
.#############.###########.######
.....#©........#≈≈§§8≈≈≈§#.......
.....#########.###########.######
###..........#.#xXxX..#.X#.#.....
#8#..........#.#.....#..X#.#.....
###########..#.##....#...#.#..###
#8 #8#..#.#[##.#....#.#..#8# #
###..#©#©..###.x.#©#..###


You could see a death drake, an orange crystal statue, 3 large abominations, a
spectral hornet, a spectral wolf spider, a spectral meliai, 2 small
abominations, 3 wolves and 5 flying skulls.

Vanquished Creatures
  2 two-headed ogres
  2 unseen horrors
  Pikel (D:4)
  2 cyclopes
  An oklob plant (D:11)
  An ugly thing (D:12)
  A manticore (D:11)
  A torpor snail (Gauntlet)
  3 kobold demonologists (D:11)
  An efreet (D:11)
  A hornet (D:12)
  A wyvern (D:8)
  2 shadows (D:11)
  12 yaks
  2 steam dragons (D:8)
  Menkaure (D:5)
  A soldier ant (D:11)
  A two-headed ogre zombie (D:11)
  Duvessa (D:5)
  A water moccasin (D:11)
  An orc warrior (D:6)
  4 sky beasts
  4 ice beasts
  A black bear (D:5)
  2 phantoms (D:11)
  A necrophage (D:7)
  6 ogres
  5 wolves (Gauntlet)
  8 centaurs
  A big kobold (D:11)
  A water moccasin zombie (D:9)
  4 bullfrogs
  A wyvern zombie (D:9)
  2 troll zombies (D:11)
  Dowan (D:5)
  13 wights
  4 howler monkeys
  A bullfrog zombie (D:6)
  3 jellies
  6 orc priests
  3 centaur skeletons
  3 hounds
  2 bullfrog skeletons
  9 orc wizards
  An iguana (D:10)
  8 worker ants
  5 ogre zombies (D:11)
  2 hound zombies
  A hound skeleton (D:9)
  3 worker ant zombies
  6 gnolls
  13 adders
  A shadow imp (D:7)
  2 white imps (D:6)
  2 oozes
  3 adder zombies
  An adder skeleton (D:6)
  5 worms
  2 dart slugs
  5 leopard geckos
  42 orcs
  5 giant cockroaches
  9 goblins
  6 hobgoblins
  3 jackals (D:5)
  3 quokkas
  2 ball pythons
  11 bats
  8 frilled lizards
  4 goblin zombies (D:11)
  A hobgoblin skeleton (D:11)
  2 hobgoblin zombies (D:11)
  A jackal skeleton (D:7)
  12 kobolds
  A leopard gecko skeleton (D:4)
  2 leopard gecko zombies (D:6)
  2 orc skeletons (D:11)
  16 orc zombies (D:11)
  12 rats
326 creatures vanquished.

Vanquished Creatures (others)
  An orc (D:8)
  A fungus (Gauntlet)
  7 plants
9 creatures vanquished.

Grand Total: 335 creatures vanquished

Notes
Turn   | Place    | Note
-------+----------+-------------------------------------------
     0 | D:1      | hawla the Deep Elf Conjurer began the quest for the Orb.
     0 | D:1      | Reached XP level 1. HP: 10/10 MP: 6/6
   585 | D:1      | Reached XP level 2. HP: 15/15 MP: 4/8
  1195 | D:1      | Learned a level 2 spell: Searing Ray
  1534 | D:2      | Reached skill level 1 in Translocations
  1534 | D:2      | Reached XP level 3. HP: 20/20 MP: 3/9
  2241 | D:2      | Reached skill level 1 in Fighting
  2556 | D:3      | Reached XP level 4. HP: 25/25 MP: 6/11
  2561 | D:3      | Learned a level 4 spell: Iskenderun's Mystic Blast
  2830 | D:3      | Found an iron altar of Okawaru.
  2942 | D:3      | Reached skill level 5 in Conjurations
  3092 | D:3      | Found an ancient bone altar of Kikubaaqudgha.
  3327 | D:3      | Reached XP level 5. HP: 29/29 MP: 8/13
  3430 | D:3      | Noticed an angel
  3431 | D:3      | Found a shimmering altar of Xom.
  3431 | D:3      | Found a glowing silver altar of Zin.
  3661 | D:4      | Noticed a lemure
  3662 | D:4      | Noticed Pikel
  3664 | D:4      | Noticed a lemure
  3664 | D:4      | Noticed a lemure
  3669 | D:4      | Noticed a lemure
  3789 | D:4      | Killed Pikel
  3790 | D:4      | Reached skill level 5 in Spellcasting
  3790 | D:4      | Reached skill level 6 in Conjurations
  3790 | D:4      | Reached skill level 1 in Throwing
  3790 | D:4      | Reached XP level 6. HP: 15/35 MP: 9/17
  3790 | D:4      | Reached XP level 7. HP: 18/40 MP: 9/18
  4352 | D:4      | Found a broken altar of Ashenzari.
  4757 | D:5      | Entered Level 5 of the Dungeon
  4762 | D:5      | Noticed Dowan
  4780 | D:5      | Noticed Duvessa
  4785 | D:5      | Reached skill level 7 in Conjurations
  4910 | D:5      | Killed Dowan
  4911 | D:5      | Reached XP level 8. HP: 45/45 MP: 8/20
  5351 | D:5      | Killed Duvessa
  5434 | D:5      | Reached skill level 8 in Conjurations
  5575 | D:5      | Found a staircase to the Ecumenical Temple.
  5608 | Temple   | Entered the Ecumenical Temple
  5694 | Temple   | Gained mutation: You have a pair of small antennae on your
                  | head. [potion of mutation]
  5694 | Temple   | Gained mutation: You have a beak for a mouth. [potion of
                  | mutation]
  5694 | Temple   | Gained mutation: Your flesh is heat resistant. (rF+)
                  | [potion of mutation]
  5706 | Temple   | Lost mutation: Your flesh is heat resistant. (rF+) [potion
                  | of mutation]
  5706 | Temple   | Lost mutation: You have a pair of small antennae on your
                  | head. [potion of mutation]
  5706 | Temple   | Gained mutation: You occasionally shout uncontrollably at
                  | your foes. [potion of mutation]
  5706 | Temple   | Gained mutation: You can translocate small distances at
                  | will. [potion of mutation]
  5706 | Temple   | Gained mutation: Your flesh is cold resistant. (rC+)
                  | [potion of mutation]
  5709 | Temple   | Became a worshipper of Vehumet
  5846 | D:5      | Noticed Menkaure
  5852 | D:5      | Killed Menkaure
  6034 | D:5      | Found an opulent altar of Gozag.
  6404 | D:6      | Found a glowing golden altar of the Shining One.
  6476 | D:6      | Reached XP level 9. HP: 53/53 MP: 9/23
  6963 | D:6      | Reached skill level 5 in Fighting
  7001 | D:6      | Noticed a moth of wrath
  7005 | D:6      | Found a bloodstained altar of Trog.
  7127 | D:6      | Found a shimmering blue altar of Sif Muna.
  7214 | D:6      | Reached skill level 9 in Conjurations
  7721 | D:7      | Reached * piety under Vehumet
  7721 | D:7      | Offered knowledge of Freeze by Vehumet.
  7722 | D:7      | Reached skill level 1 in Necromancy
  7724 | D:7      | Reached skill level 1 in Earth Magic
  7724 | D:7      | Reached skill level 1 in Evocations
  7878 | D:7      | Found a basalt altar of Yredelemnul.
  8464 | D:8      | Reached skill level 5 in Dodging
  8542 | D:8      | Got a twisted great mace
  8542 | D:8      | Identified the +4 great mace of the Forgotten Lovers {holy,
                  | Will++ Str+6 Int-4} (You found it on level 8 of the
                  | Dungeon)
  8567 | D:8      | Reached skill level 5 in Translocations
  9166 | D:8      | Noticed a two-headed ogre
  9172 | D:8      | Killed a two-headed ogre
  9173 | D:8      | Reached skill level 10 in Conjurations
  9173 | D:8      | Reached XP level 10. HP: 32/59 MP: 11/25
  9292 | D:8      | Found a hazy altar of Hepliaklqana.
  9401 | D:8      | Reached ** piety under Vehumet
  9402 | D:8      | Offered knowledge of Shock by Vehumet.
  9465 | D:8      | Found an ornate altar of the Wu Jian Council.
  9523 | D:8      | Identified the Volume of the Glacier
  9570 | D:9      | Reached skill level 10 in Spellcasting
  9782 | D:9      | Found a stormy altar of Qazlal.
 10301 | D:9      | Noticed a two-headed ogre
 10302 | D:9      | Offered knowledge of Static Discharge by Vehumet.
 10306 | D:9      | Killed a two-headed ogre
 10307 | D:9      | Reached skill level 11 in Conjurations
 10689 | D:10     | Entered Level 10 of the Dungeon
 10795 | D:10     | Found a portal to a secret trove of treasure.
 11004 | D:10     | Killed an unseen horror
 11110 | D:10     | Reached skill level 12 in Conjurations
 11367 | D:10     | Reached *** piety under Vehumet
 11431 | D:10     | Reached XP level 11. HP: 63/63 MP: 25/28
 11900 | D:11     | Offered knowledge of Stone Arrow by Vehumet.
 11914 | D:11     | Learned a level 3 spell: Stone Arrow
 12033 | D:11     | Killed an unseen horror
 12346 | D:11     | Reached **** piety under Vehumet
 12375 | D:11     | Offered knowledge of Iskenderun's Battlesphere by Vehumet.
 12492 | D:10     | Learned a level 5 spell: Iskenderun's Battlesphere
 12996 | D:11     | Found a staircase to the Orcish Mines.
 13145 | D:11     | Reached skill level 13 in Conjurations
 13188 | D:11     | Noticed an oklob plant
 13193 | D:11     | Found a staircase to the Lair.
 13198 | D:11     | HP: 3/63 [acid (12)]
 13202 | D:11     | Killed an oklob plant
 13202 | D:11     | Reached ***** piety under Vehumet
 13325 | D:12     | Found a flagged portal.
 13326 | D:12     | Noticed a red ugly thing
 13334 | D:12     | Killed a red ugly thing
 13354 | D:12     | Found a gate leading to a gauntlet.
 13355 | D:12     | Paralysed by a hornet for 2 turns
 13368 | Gauntlet | Entered a Gauntlet
 13368 | Gauntlet | Found a transporter.
 13368 | Gauntlet | Found a transporter.
 13474 | Gauntlet | Found a transporter.
 13492 | Gauntlet | Found a transporter.
 13494 | Gauntlet | Noticed a cacodemon
 13512 | Gauntlet | Found a transporter.
 13529 | Gauntlet | Found a transporter.
 13531 | Gauntlet | Found a large runed translucent door.
 13531 | Gauntlet | Found a large runed translucent door.
 13531 | Gauntlet | Noticed a fire crab
 13532 | Gauntlet | Found a large runed translucent door.
 13532 | Gauntlet | Found a large runed translucent door.
 13533 | Gauntlet | Found a large runed translucent door.
 13533 | Gauntlet | Found a large runed translucent door.
 13533 | Gauntlet | Found a runed translucent door.
 13533 | Gauntlet | Found a runed translucent door.
 13534 | Gauntlet | Found a large runed translucent door.
 13534 | Gauntlet | Found a large runed translucent door.
 13535 | Gauntlet | Found a large runed translucent door.
 13536 | Gauntlet | Found a large runed translucent door.
 13542 | Gauntlet | Found a large runed translucent door.
 13542 | Gauntlet | Found a large runed translucent door.
 13543 | Gauntlet | Found a large runed translucent door.
 13543 | Gauntlet | Found a large runed translucent door.
 13543 | Gauntlet | Found a large runed translucent door.
 13543 | Gauntlet | Found a large runed translucent door.
 13549 | Gauntlet | Found a runed translucent gate.
 13549 | Gauntlet | Found a runed translucent gate.
 13551 | Gauntlet | Found a transporter.
 13551 | Gauntlet | Noticed a death yak
 13551 | Gauntlet | Noticed a death yak
 13555 | Gauntlet | Found a runed translucent gate.
 13555 | Gauntlet | Noticed a death yak
 13646 | Gauntlet | Found a transporter.
 13658 | Gauntlet | Found a transporter.
 13672 | Gauntlet | Noticed a large abomination
 13680 | Gauntlet | Found a transporter.
 13695 | Gauntlet | Found a transporter.
 13779 | Gauntlet | Found a transporter.
 13779 | Gauntlet | Found a transporter.
 13834 | Gauntlet | Offered knowledge of Conjure Ball Lightning by Vehumet.
 13873 | Gauntlet | Noticed an orange crystal statue
 13873 | Gauntlet | Found a transporter.
 13891 | Gauntlet | Noticed a death drake
 13905 | Gauntlet | HP: 2/63 [wolf[an orange crystal statue] (7)]
 13907 | Gauntlet | Slain by a wolf

Illustrated notes

Levels and vault maps discovered:
D:1:      tarquinn_simple_flora_water_f, layout_loops_corners,
          minmay_curled_crystal, nrook_campfire
D:2:      layout_basic, st_stairs_2, hangedman_decor_points,
          amcnicky_mini_pool_small
D:3:      layout_basic, grunt_temple_overflow_order_and_chaos_1,
          lemuel_round_altar, lemuel_coloured_pillars_altar
D:4:      layout_loops_ring, evilmike_ruin_ashenzari, uniq_pikel
D:5:      layout_rooms, grunt_gozag_breadcrumbs,
          minmay_temple_entry_butterflies, uniq_menkaure, uniq_duvessa
D:6:      layout_basic, nicolae_overflow_hidden_temple, tgw_trog, basic_altar
D:7:      layout_gridville, general_overflow_altar
D:8:      layout_loops_ring, lemuel_round_altar, kennysheep_mini_moat,
          hangedman_misty_isle
D:9:      layout_basic, nicolae_qazlal_general_emergency
D:10:     layout_long_grid, enter_trove_6
D:11:     layout_rooms, dpeg_oklobed_lair, zombieorc2_lemuel, nrook_mini_vaults
D:12:     minmay_the_grid_triangle_9x9_rhombus_thin_mashed
          [minmay_the_grid_triangle_9x9_from_above,
          minmay_the_grid_triangle_9x9_prize_top_heavy,
          minmay_the_grid_triangle_9x9_zippers_horizontal,
          minmay_the_grid_triangle_9x9_wacky_v], layout_irregular_city,
          serial_shops, nicolae_shop_behind_doors, gauntlet_entry_generic,
          enter_bailey_6, ploomutoo_gammafunk_ghost_potion_laboratory,
          hangedman_fish_farm
Temple:   eino_temple_lava
Gauntlet: gammafunk_gauntlet_branching [gammafunk_gauntlet_arena_split_diamond,
          gammafunk_gauntlet_arena_split_x, gammafunk_gauntlet_arena_corners,
          gammafunk_gauntlet_arena_mazey, gammafunk_gauntlet_arena_chambers,
          nicolae_gauntlet_swirl, minmay_gauntlet_arena_make_your_own_arena,
          gammafunk_gauntlet_arena_teeth, gauntlet_exit_green]

Skill      XL: |  1  2  3  4  5  6  7  8  9 10 11 |
---------------+----------------------------------+-----
Translocations | 1 2 3 4 5 6 8 |  8.0
Stealth        | 3 |  3.0
Dodging        | 3 4 5 7 |  7.0
Fighting       | 1 2 4 5 |  5.0
Spellcasting   | 4 6 7 8 9 11 12 | 12.0
Conjurations   | 5 6 7 8 10 12 13 | 13.9
Throwing       | 1 |  1.0
Necromancy     | 1 |  1.0
Earth Magic    | 1 |  1.0
Evocations     | 3 4 |  4.0

Action                   |  1- 3 |  4- 6 |  7- 9 | 10-12 || total
-------------------------+-------+-------+-------+-------++-------
Melee: Unarmed           |     2 |       |       |       ||     2
       Whip              |     1 |       |    23 |       ||    24
       Quarterstaff      |       |       |    12 |    39 ||    51
       Peck              |       |       |     2 |     8 ||    10
       Great mace        |       |       |       |     4 ||     4
Throw: Dart              |       |     1 |       |       ||     1
       Boomerang         |       |       |       |     1 ||     1
 Cast: Magic Dart        |    64 |     5 |    22 |    64 ||   155
       Searing Ray       |    12 |    21 |    71 |    72 ||   176
       Iskenderun's Myst |       |     2 |    27 |    51 ||    80
       Iskenderun's Batt |       |       |       |    12 ||    12
       Stone Arrow       |       |       |       |    10 ||    10
  Use: Potion            |     1 |       |     7 |     9 ||    17
       Scroll            |     4 |     5 |    10 |     6 ||    25
 Stab: Sleeping          |       |       |       |     1 ||     1
Armor: Robe              |     2 |     3 |    27 |    40 ||    72
Dodge: Dodged            |    13 |    14 |    91 |   140 ||   258
